 Dungeon Crawl Stone Soup version 0.19-a0-1815-g4007336 (webtiles) character file.

167338 Amnesiac the Lord of Darkness (level 17, -2/128 HPs)
             Began as a Mummy Wizard on Oct 5, 2016.
             Was the Champion of Kikubaaqudgha.
             Hit by a javelin of penetration thrown by a merfolk javelineer (27 damage)
             ... on level 4 of the Shoals.
             The game lasted 02:15:53 (52068 turns).

Amnesiac the Lord of Darkness (Mummy Wizard)       Turns: 52068, Time: 02:15:54

Health: -2/128     AC:  9    Str: 12    XL:     17   Next: 6%
Magic:  1/36       EV: 23    Int: 16    God:    Kikubaaqudgha [******]
Gold:   1823       SH:  6    Dex: 20    Spells: 14 memorised, 0 levels left

rFire  x . .     SeeInvis +     o - staff of death
rCold  + . .     Gourm    .     i - +2 robe {MR+}
rNeg   + + +     Faith    .     Q - +0 buckler
rPois  ∞         Spirit   .     a - +0 helmet
rElec  .         Dismiss  +     C - +0 cloak
rCorr  .         Reflect  .     e - +1 pair of gloves
MR     +++..     Harm     .     R - +0 pair of boots of Paranoia {Regen+ Int-2 Dex+5 SInv} (curse)
Stlth  +++.......               L - amulet of dismissal
                                E - ring of wizardry
                                P - +3 ring of evasion

@: no status effects
A: no food or potions, fire vulnerability, cold resistance 1, negative energy
resistance 3, torment resistance, unbreathing, in touch with death 1
a: Receive Corpses, Torment, Renounce Religion
}: 1/15 runes: gossamer


You were on level 4 of the Shoals.
You worshipped Kikubaaqudgha.
Kikubaaqudgha was exalted by your worship.
You were not hungry.

You visited 7 branches of the dungeon, and saw 30 of its levels.
You also visited: Ossuary and Ice Cave.

You collected 2351 gold pieces.
You spent 528 gold pieces at shops.

Inventory:

Hand Weapons
 f - a +3 dagger of venom
 T - a +2 rapier of electrocution
Missiles
 h - a throwing net (quivered)
Armour
 a - a +0 helmet (worn)
 e - a +1 pair of gloves (worn)
 i - a +2 robe of magic resistance (worn)
 C - a +0 cloak (worn)
 Q - a +0 buckler (worn)
 R - the cursed +0 pair of boots of Paranoia (worn) {Regen+ Int-2 Dex+5 SInv}
   (You found it in an ice cave)

   It affects your intelligence (-2).
   It affects your dexterity (+5).
   It lets you see invisible.
   It increases your rate of regeneration.
   It has a curse placed upon it.
Magical Staves
 c - an uncursed staff of wizardry
 o - an uncursed staff of death (weapon)
Jewellery
 x - an uncursed ring of ice
 B - an uncursed amulet of guardian spirit
 E - a ring of wizardry (right hand)
 F - an uncursed ring of protection from fire
 K - an uncursed ring of protection from fire
 L - an amulet of dismissal (around neck)
 P - a +3 ring of evasion (left hand)
 X - an uncursed amulet of rage {unknown}
Wands
 n - a wand of enslavement (9/24)
 r - a wand of enslavement (11/24)
 w - a wand of paralysis (11/24)
 y - a wand of teleportation (4/9)
 z - a wand of lightning (9/15)
 M - a wand of disintegration (4/24)
 O - a wand of digging (18/24)
 Y - a wand of heal wounds (2/9)
Scrolls
 d - 9 scrolls of enchant armour
 g - 7 scrolls of teleportation
 j - 3 scrolls of identify
 l - 4 scrolls of vulnerability
 m - a scroll of brand weapon
 p - 8 scrolls of enchant weapon
 q - 10 scrolls of amnesia
 s - 4 scrolls of magic mapping
 u - 11 scrolls of remove curse
 v - a scroll of fog
 A - 2 scrolls of torment
 G - 3 scrolls of recharging
 Z - a scroll of silence {unknown}
Books
 b - a book of Death

   Spells                             Type                      Level
   a - Corpse Rot                     Necromancy                   2
   b - Sublimation of Blood           Necromancy                   2
   c - Agony                          Necromancy                   5
   d - Dispel Undead                  Necromancy                   5
   e - Excruciating Wounds            Charms/Necromancy            5
   f - Bolt of Draining               Conjuration/Necromancy       5
 k - Kikubaaqudgha's Almanac of Sinister Magic
   (Kikubaaqudgha gifted it to you in an ossuary)

   Spells                             Type                      Level
   a - Animate Skeleton               Necromancy                   1
   b - Pain                           Necromancy                   1
   c - Corpse Rot                     Necromancy                   2
   d - Vampiric Draining              Necromancy                   3
   e - Control Undead                 Necromancy                   4
 D - a Necronomicon

   Spells                             Type                      Level
   a - Haunt                          Necromancy/Summoning         7
   b - Borgnjor's Revivification      Necromancy                   8
   c - Death's Door                   Charms/Necromancy            8
   d - Infestation                    Necromancy                   8
   e - Necromutation                  Transmutation/Necromancy     8
 H - Kikubaaqudgha's Grimoire of Unholy Rituals
   (Kikubaaqudgha gifted it to you on level 9 of the Dungeon)

   Spells                             Type                      Level
   a - Animate Dead                   Necromancy                   4
   b - Excruciating Wounds            Charms/Necromancy            5
   c - Bolt of Draining               Conjuration/Necromancy       5
   d - Cigotuvi's Embrace             Necromancy                   5
   e - Dispel Undead                  Necromancy                   5
 I - a book of Necromancy

   Spells                             Type                      Level
   a - Pain                           Necromancy                   1
   b - Animate Skeleton               Necromancy                   1
   c - Vampiric Draining              Necromancy                   3
   d - Regeneration                   Charms/Necromancy            3
   e - Animate Dead                   Necromancy                   4
   f - Control Undead                 Necromancy                   4
 S - a book of the Tempests

   Spells                             Type                      Level
   a - Static Discharge               Conjuration/Air              3
   b - Lightning Bolt                 Conjuration/Air              5
   c - Fireball                       Conjuration/Fire             5
   d - Tornado                        Air                          9
   e - Shatter                        Earth                        9
 U - a book of Fire

   Spells                             Type                      Level
   a - Ignite Poison                  Fire/Transmutation/Poison    3
   b - Fireball                       Conjuration/Fire             5
   c - Bolt of Fire                   Conjuration/Fire             6
   d - Delayed Fireball               Conjuration/Fire             7
   e - Ring of Flames                 Charms/Fire                  7
 V - a book of Air

   Spells                             Type                      Level
   a - Shock                          Conjuration/Air              1
   b - Swiftness                      Charms/Air                   2
   c - Repel Missiles                 Charms/Air                   2
   d - Static Discharge               Conjuration/Air              3
   e - Lightning Bolt                 Conjuration/Air              5
Miscellaneous
 t - a fan of gales
 J - a sack of spiders
 N - a lamp of fire
 W - a phantom mirror


   Skills:
 - Level 10.0 Fighting
 - Level 10.0 Dodging
 - Level 5.0 Stealth
 - Level 4.0 Shields
 - Level 15.0 Spellcasting
 - Level 1.0 Conjurations
 - Level 0.7 Summonings
 + Level 19.6 Necromancy
 - Level 0.7 Translocations


You couldn't memorise any spells.
You knew the following spells:

 Your Spells              Type           Power        Failure   Level  Hunger
a - Repel Missiles        Chrm/Air       ##....       4%          2    N/A
b - Blink                 Tloc           N/A          4%          2    N/A
c - Animate Dead          Necr           N/A          1%          4    N/A
d - Call Imp              Summ           ##......     4%          2    N/A
e - Bolt of Draining      Conj/Necr      #######...   1%          5    N/A
f - Vampiric Draining     Necr           ########..   0%          3    N/A
g - Infestation           Necr           ########..   6%          8    N/A
h - Magic Dart            Conj           ###.         1%          1    N/A
i - Summon Butterflies    Summ           ##......     2%          1    N/A
j - Swiftness             Chrm/Air       ##......     4%          2    N/A
q - Agony                 Necr           ########     1%          5    N/A
s - Conjure Flame         Conj/Fire      ##......     6%          3    N/A
w - Dispel Undead         Necr           ########     1%          5    N/A
z - Mephitic Cloud        Conj/Pois/Air  ##......     6%          3    N/A

Dungeon Overview and Level Annotations

Branches:
Dungeon (12/15)            Temple (1/1) D:7            Lair (6/6) D:10
 Shoals (4/4) Lair:4       Spider (4/4) Lair:4        Slime (0/5) Lair:6
    Orc (2/2) D:9             Elf (1/3) Orc:2

Altars:
Dithmenos
Elyvilon
Fedhas
Hepliaklqana
Kikubaaqudgha
Makhleb
Nemelex Xobeh
Qazlal
Ru
Sif Muna
Trog
Uskayaw
Vehumet
Xom
Zin
The Shining One
Beogh
Jiyva

Shops:
D:4 }   Orc:2 %*[[   Shoals:1 *

Portals:
Hell: Lair:6

Annotations:
Shoals:4 Ilsuiw, Polyphemus


Innate Abilities, Weirdness & Mutations

You do not eat or drink.
Your flesh is vulnerable to fire.
You are immune to poison.
Your flesh is cold resistant. (rC+)
You are immune to negative energy. (rN+++)
You are immune to unholy pain and torment.
You can survive without breathing.
You are in touch with the powers of death.


Message History

Evoke which item? (* to show all) (? for menu, Esc to quit)
Zapping:
Y - a wand of heal wounds (3/9)
Press: ? - help, Shift-Dir - straight line, f - you You feel much better.
This wand has 2 charges left.
Your death scarab is destroyed!
The merfolk hits your siren zombie with a trident.
The merfolk closely misses you. Something hits your merfolk zombie!
You block the water elemental's attack.
Your merfolk zombie closely misses the merfolk.
Your siren zombie hits the merfolk.
The manticore flicks its tail.
The volley of spikes hits your death scarab.
Unknown command.
Your surroundings suddenly seem different.
A merfolk comes into view. It is wielding an enchanted trident.
The merfolk shouts!
The merfolk javelineer throws a javelin of penetration.
The javelin of penetration pierces through you!!
You die...
Kikubaaqudgha rasps: "You have failed me!
Welcome... oblivion!"

≈≈≈≈...PPP...P≈
≈≈≈≈..P....P.≈≈
≈≈≈≈P.......P≈≈
≈≈≈≈.PP.....P≈≈
≈≈≈≈........≈≈≈
≈≈≈≈........≈≈≈
≈≈≈≈.≈.PP..≈≈≈≈
≈≈≈≈.≈≈@.≈.≈≈≈≈
≈≈≈≈.≈≈.≈≈≈≈≈≈≈
≈≈≈≈.≈≈m≈≈≈≈≈≈≈
≈≈≈≈m≈≈m≈≈≈≈≈≈≈
≈≈≈≈.≈≈.≈≈≈≈≈≈≈
≈≈≈≈.≈..≈≈≈≈≈≈≈
≈≈≈≈...≈≈≈≈≈≈≈≈
###############


You could see a merfolk javelineer and 2 merfolk.

Vanquished Creatures
  Nikola (Spider:1)
  Kirke (Lair:4)
  Donald (Spider:3)
  2 emperor scorpions
  A ghost moth (Spider:2)
  An orc warlord (Orc:2)
  An entropy weaver (Spider:3)
  A merfolk impaler (Shoals:1)
  2 merfolk avatars
  8 hydras
  3 orc high priests (Orc:2)
  16 death yaks
  3 sea snakes
  2 unseen horrors (D:11)
  An obsidian statue (D:9)
  4 harpies (Shoals:2)
  5 hill giants
  A wizard (Lair:6)
  4 orc sorcerers (Orc:2)
  7 orc knights
  3 deep elf magi (Elf:1)
  6 wolf spiders
  2 fauns (Shoals:3)
  9 orb spiders
  A manticore (Shoals:2)
  3 sirens
  20 elephants
  A water nymph (Shoals:2)
  13 spiny frogs
  A black mamba (Lair:5)
  3 rime drakes
  A demonic crawler (Spider:1)
  2 torpor snails
  9 komodo dragons
  An ice devil (Lair:6)
  6 trolls
  A queen bee (Lair:1)
  7 jumping spiders
  3 merfolk
  A hornet (Spider:2)
  13 blink frogs
  5 snapping turtles
  15 hippogriffs
  2 two-headed ogres
  Prince Ribbit (Lair:3)
  A slime creature (D:11)
  A vampire (D:12)
  20 redbacks
  Sigmund (D:5)
  11 tarantellas
  5 hogs (Lair:4)
  A basilisk (Lair:2)
  2 wyverns
  49 yaks
  2 steam dragons
  A vampire mosquito (Spider:4)
  A hungry ghost (D:10)
  Menkaure (D:5)
  6 wargs
  A mottled dragon (D:12)
  Duvessa (D:4)
  17 water moccasins
  7 porcupines
  35 orc warriors
  5 sky beasts
  5 phantoms
  13 ogres
  13 centaurs
  14 wolves
  13 crocodiles
  Blork the orc (D:5)
  3 big kobolds
  16 bullfrogs
  2 gnoll sergeants
  A water moccasin zombie (Ossuary)
  A wyvern zombie (D:10)
  3 scorpions
  Dowan (D:4)
  40 killer bees
  13 wights
  2 howler monkeys (D:11)
  An electric eel (Lair:4)
  2 crimson imps
  A draconian simulacrum (IceCv)
  A bullfrog zombie (D:7)
  3 bullfrog skeletons
  A centaur zombie (D:12)
  3 hounds
  27 orc wizards
  7 jellies
  20 orc priests
  2 centaur skeletons
  13 iguanas
  14 worker ants
  9 hell rats
  A polar bear simulacrum (IceCv)
  A troll simulacrum (IceCv)
  A wolf simulacrum (IceCv)
  2 big kobold zombies (Ossuary)
  A centaur simulacrum (IceCv)
  3 mummies
  3 worker ant zombies
  15 gnolls
  12 adders
  A naga simulacrum (IceCv)
  64 river rats
  2 shadow imps
  9 adder zombies
  4 worms
  2 dart slugs
  6 leopard geckos
  76 orcs
  3 giant cockroaches (D:3)
  7 goblins
  7 hobgoblins
  12 jackals
  22 kobolds
  3 quokkas
  3 ball pythons
  3 bats
  5 frilled lizards
  A giant cockroach zombie (D:5)
  5 gnoll zombies (Ossuary)
  A hobgoblin zombie (Ossuary)
  A jackal skeleton (D:5)
  6 kobold zombies (Ossuary)
  7 orc zombies (Ossuary)
  5 rats
901 creatures vanquished.

Vanquished Creatures (collateral kills)
  An Ice Fiend (IceCv)
  A kraken (Shoals:3)
  The ghost of benitares the Severer, a journeyman DDBe of Makhleb (Shoals:1)
  6 emperor scorpions (Spider:4)
  3 ghost moths (Spider:4)
  An entropy weaver (Spider:3)
  A spark wasp (Spider:3)
  3 merfolk impalers (Shoals:3)
  Josephine (Shoals:1)
  3 merfolk avatars
  An alligator snapping turtle (Shoals:2)
  A sun demon (Lair:6)
  4 sea snakes
  13 wolf spiders
  12 orb spiders
  15 harpies
  2 cyclopes
  5 fauns
  3 moths of wrath
  7 manticores
  4 sirens
  2 water nymphs
  2 torpor snails (Spider:4)
  A smoke demon (Lair:6)
  2 ice statues
  3 orange demons (Lair:6)
  2 gargoyles (D:12)
  2 freezing wraiths (IceCv)
  A golden dragon simulacrum (IceCv)
  16 demonic crawlers
  A hellwing (Lair:6)
  10 ice devils
  13 merfolk
  A red devil (Lair:6)
  4 anaconda simulacra (IceCv)
  11 jumping spiders
  A wolf spider simulacrum (IceCv)
  3 hornets
  2 snapping turtles (Shoals:1)
  2 hippogriffs (Shoals:1)
  6 dream sheep
  41 redbacks
  21 tarantellas
  4 wraiths (Shoals:1)
  3 water elementals
  2 dire elephant simulacra (IceCv)
  4 vampire mosquitoes (Spider:4)
  4 iron troll simulacra (IceCv)
  5 harpy simulacra (IceCv)
  3 hydra simulacra (IceCv)
  A hell hound (Lair:6)
  A killer bee (Lair:1)
  A howler monkey (D:12)
  2 draconian simulacra (IceCv)
  A hound (D:3)
  3 centaur simulacra (IceCv)
  5 naga simulacra (IceCv)
  An ogre simulacrum (IceCv)
  2 shadow imps
  3 white imps (IceCv)
  8 ufetubi (IceCv)
  An orc (D:12)
  A giant cockroach (D:3)
  14 plants
  2 tentacles (Shoals:3)
306 creatures vanquished.

Vanquished Creatures (others)
  A human (Lair:4)
  35 fungi
  24 plants
  9 tentacles (Shoals:3)
69 creatures vanquished.

Grand Total: 1276 creatures vanquished

Notes
Turn   | Place    | Note
-------+----------+-------------------------------------------
     0 | D:1      | Amnesiac the Mummy Wizard began the quest for the Orb.
     0 | D:1      | Reached XP level 1. HP: 13/13 MP: 4/4
    12 | D:1      | Reached skill level 1 in Conjurations
   330 | D:2      | Reached XP level 2. HP: 19/19 MP: 6/6
   350 | D:2      | Learned a level 2 spell: Call Imp
   353 | D:2      | Learned a level 2 spell: Repel Missiles
   506 | D:3      | Found a sacrificial altar of Ru.
   891 | D:3      | Reached XP level 3. HP: 6/24 MP: 3/8
   896 | D:3      | Learned a level 3 spell: Mephitic Cloud
  1165 | D:4      | Found a deep blue altar of Sif Muna.
  1168 | D:4      | Found a shadowy altar of Dithmenos.
  1186 | D:4      | Found Cann's Gadget Shoppe.
  1488 | D:4      | Reached XP level 4. HP: 6/30 MP: 2/10
  1556 | D:4      | Learned a level 3 spell: Conjure Flame
  1612 | D:4      | Reached skill level 5 in Spellcasting
  1683 | D:4      | Learned a level 2 spell: Blink
  2209 | D:4      | Reached XP level 5. HP: 27/35 MP: 8/12
  2223 | D:4      | Found a stormy altar of Qazlal.
  2422 | D:4      | Found a radiant altar of Vehumet.
  2431 | D:4      | Noticed a phantom
  2481 | D:4      | Killed a phantom
  2666 | D:5      | Entered Level 5 of the Dungeon
  2694 | D:5      | Noticed Duvessa
  2696 | D:5      | Noticed Dowan
  2818 | D:5      | Noticed Blork the orc
  2869 | D:5      | Reached XP level 6. HP: 33/41 MP: 11/15
  2959 | D:5      | Noticed Sigmund
  3033 | D:4      | Killed Dowan
  3057 | D:4      | Killed Duvessa
  3303 | D:5      | Killed Blork the orc
  3303 | D:5      | Reached XP level 7. HP: 46/46 MP: 15/17
  4256 | D:5      | Noticed Menkaure
  4272 | D:5      | Killed Menkaure
  4589 | D:5      | Killed Sigmund
  4855 | D:6      | Reached XP level 8. HP: 40/52 MP: 14/21
  6056 | D:7      | Found a staircase to the Ecumenical Temple.
  6065 | Temple   | Entered the Ecumenical Temple
  6083 | Temple   | Became a worshipper of Kikubaaqudgha
  6111 | D:7      | Found a sand-covered staircase.
  6149 | Ossuary  | Entered an ossuary
  6278 | Ossuary  | Reached skill level 10 in Spellcasting
  6359 | Ossuary  | Reached * piety under Kikubaaqudgha
  6359 | Ossuary  | Identified Kikubaaqudgha's Almanac of Sinister Magic (Kikubaaqudgha gifted it to you in an ossuary)
  6359 | Ossuary  | Received a gift from Kikubaaqudgha
  7359 | D:1      | Found a hide-covered altar of Uskayaw.
  8082 | D:2      | Found a blossoming altar of Fedhas.
  8289 | D:2      | Reached ** piety under Kikubaaqudgha
  8443 | D:3      | Reached skill level 2 in Necromancy
  8983 | D:6      | Reached skill level 3 in Necromancy
  8983 | D:6      | Reached XP level 9. HP: 11/57 MP: 18/23
  9004 | D:6      | Learned a level 3 spell: Vampiric Draining
  9503 | D:7      | Reached skill level 4 in Necromancy
 10009 | D:8      | Found a glowing silver altar of Zin.
 10061 | D:8      | Reached skill level 5 in Necromancy
 10402 | D:9      | Found a staircase to the Orcish Mines.
 10426 | D:8      | Reached skill level 6 in Necromancy
 10700 | D:8      | Reached skill level 7 in Necromancy
 11092 | D:9      | Reached skill level 8 in Necromancy
 11250 | D:9      | Reached skill level 9 in Necromancy
 11283 | D:9      | Reached *** piety under Kikubaaqudgha
 11283 | D:9      | Identified Kikubaaqudgha's Grimoire of Unholy Rituals (Kikubaaqudgha gifted it to you on level 9 of the Dungeon)
 11283 | D:9      | Received a gift from Kikubaaqudgha
 11283 | D:9      | Reached XP level 10. HP: 50/63 MP: 6/24
 11292 | D:9      | Learned a level 5 spell: Bolt of Draining
 11358 | D:9      | Learned a level 5 spell: Dispel Undead
 11363 | D:9      | Learned a level 4 spell: Animate Dead
 11794 | D:9      | Noticed an obsidian statue
 12017 | D:9      | Reached skill level 10 in Necromancy
 12426 | D:9      | Killed an obsidian statue
 12464 | D:10     | Entered Level 10 of the Dungeon
 12477 | D:10     | Noticed a hill giant
 12492 | D:10     | Killed a hill giant
 12492 | D:10     | Reached skill level 11 in Necromancy
 12963 | D:10     | Noticed a hill giant
 12969 | D:10     | Killed a hill giant
 13364 | D:10     | Reached **** piety under Kikubaaqudgha
 13705 | D:10     | Noticed a hill giant
 13709 | D:10     | Killed a hill giant
 13709 | D:10     | Reached XP level 11. HP: 68/68 MP: 7/26
 14009 | D:10     | Found a staircase to the Lair.
 14351 | D:10     | HP: 3/68 [killer bee (2)]
 14842 | Lair:1   | Entered Level 1 of the Lair of Beasts
 15695 | Lair:1   | Reached skill level 12 in Necromancy
 16181 | D:11     | Reached ***** piety under Kikubaaqudgha
 16300 | D:11     | Killed an unseen horror
 16504 | D:11     | Found a viscous altar of Jiyva.
 17777 | D:11     | Reached skill level 5 in Dodging
 18242 | D:12     | Noticed a hill giant
 18247 | D:12     | Killed a hill giant
 18489 | D:12     | Noticed a hill giant
 18495 | D:12     | Killed a hill giant
 18589 | D:12     | Reached XP level 12. HP: 74/74 MP: 4/28
 19860 | D:12     | Noticed a six-headed hydra
 19866 | D:12     | Killed a six-headed hydra
 20162 | Orc:1    | Entered Level 1 of the Orcish Mines
 21754 | Orc:2    | Entered Level 2 of the Orcish Mines
 22382 | Orc:2    | Reached ****** piety under Kikubaaqudgha
 22449 | Orc:2    | Found a roughly hewn altar of Beogh.
 22762 | Orc:2    | Found a staircase to the Elven Halls.
 22796 | Orc:2    | Found Gajyl's Armour Shop.
 23368 | D:9      | Reached skill level 10 in Dodging
 23420 | D:9      | Reached skill level 1 in Fighting
 24226 | Orc:2    | Noticed an orc high priest
 24675 | D:9      | Reached skill level 5 in Fighting
 25010 | Orc:2    | Learned a level 5 spell: Agony
 25244 | Orc:2    | Noticed an orc high priest
 25263 | Orc:2    | Noticed an orc high priest
 25265 | Orc:2    | Killed an orc high priest
 25265 | Orc:2    | Gained mutation: You are in touch with the powers of death. [Mummy growth]
 25265 | Orc:2    | Reached XP level 13. HP: 76/93 MP: 13/29
 25389 | Orc:2    | Found Ozxohiax's Antique Armour Shoppe.
 26111 | Orc:2    | Noticed an orc warlord
 26529 | Orc:2    | Killed an orc warlord
 26756 | Orc:2    | Found Xeninig's Food Shop.
 26763 | Orc:2    | Found Acu Qadoss's General Store.
 26817 | Elf:1    | Entered Level 1 of the Elven Halls
 28384 | Lair:2   | Reached skill level 10 in Fighting
 29127 | Lair:3   | Noticed Prince Ribbit
 29132 | Lair:3   | Killed Prince Ribbit
 29690 | Lair:3   | Reached skill level 5 in Stealth
 31887 | Lair:4   | Noticed Kirke
 32159 | Lair:3   | Reached skill level 13 in Necromancy
 32400 | Lair:4   | Found a hole to the Spider Nest.
 32813 | Lair:4   | Killed Kirke
 32813 | Lair:4   | Reached XP level 14. HP: 98/110 MP: 2/30
 34798 | Lair:4   | Found a staircase to the Shoals.
 35724 | Lair:5   | Found a radiant altar of Vehumet.
 36040 | Lair:6   | Entered Level 6 of the Lair of Beasts
 37435 | Lair:5   | Reached skill level 14 in Necromancy
 38364 | Lair:6   | Found a staircase to the Slime Pits.
 39651 | Lair:5   | Reached XP level 15. HP: 115/115 MP: 17/33
 40303 | Lair:6   | Received a gift from Kikubaaqudgha
 40979 | Lair:6   | Learned a level 8 spell: Infestation
 40990 | Lair:6   | Found a burning altar of Makhleb.
 41362 | Lair:6   | Found a gateway to Hell.
 41633 | Spider:1 | Entered Level 1 of the Spider Nest
 42130 | Spider:1 | Reached skill level 15 in Necromancy
 42135 | Spider:1 | Noticed Nikola
 42142 | Spider:1 | Killed Nikola
 42309 | Spider:1 | Reached skill level 15 in Spellcasting
 42328 | Spider:1 | Reached skill level 1 in Shields
 44095 | Spider:2 | Learned a level 1 spell: Summon Butterflies
 44536 | Spider:3 | Found a frozen archway.
 44549 | IceCv    | Entered an ice cave
 45238 | IceCv    | Noticed an Ice Fiend
 45263 | IceCv    | Killed an Ice Fiend
 45293 | IceCv    | Got a pair of ichor-stained boots
 45319 | IceCv    | Identified the cursed +0 pair of boots of Paranoia {Regen+ Int-2 Dex+5 SInv} (You found it in an ice cave)
 45322 | IceCv    | Got a dazzling battleaxe
 45782 | Spider:2 | Reached skill level 16 in Necromancy
 46259 | Spider:2 | Noticed a ghost moth
 46284 | Spider:2 | Killed a ghost moth
 46752 | Spider:3 | Noticed Donald
 46755 | Spider:3 | Killed Donald
 47065 | Spider:3 | Reached XP level 16. HP: 122/122 MP: 18/35
 47211 | Spider:4 | Entered Level 4 of the Spider Nest
 47452 | Spider:4 | Reached skill level 17 in Necromancy
 47829 | Spider:4 | Got a gossamer rune of Zot
 48391 | Spider:4 | Reached skill level 18 in Necromancy
 48514 | Shoals:1 | Entered Level 1 of the Shoals
 48692 | Shoals:1 | Noticed Josephine
 48699 | Shoals:1 | Killed Josephine
 48810 | Shoals:1 | Noticed benitares's ghost (journeyman DDBe)
 48817 | Shoals:1 | Killed benitares's ghost
 48998 | Shoals:1 | Found Eopur's Eclectic Emporium.
 50171 | Shoals:3 | Reached skill level 19 in Necromancy
 50625 | Shoals:3 | Noticed a kraken
 50645 | Shoals:3 | Killed a kraken
 51104 | Lair:2   | Reached XP level 17. HP: 123/128 MP: 1/36
 51353 | D:4      | Bought a wand of heal wounds (4/9) for 528 gold pieces
 51356 | D:4      | Learned a level 2 spell: Swiftness
 52016 | Shoals:4 | Entered Level 4 of the Shoals
 52016 | Shoals:4 | Noticed Polyphemus
 52055 | Shoals:4 | Noticed Ilsuiw
 52068 | Shoals:4 | Hit by a javelin of penetration thrown by a merfolk javelineer

Vault maps used:
D:1:      zelgadis_glass_arrival_small, minmay_misc_feat_x, minmay_hexomino_r4
D:2:      old_standard_altar
D:3:      lemuel_doored_altar, glass_columns_b
D:4:      lemuel_round_altar, overflow_temple_1_default,
          nicolae_overflow_hidden_temple, serial_shops, shop
D:5:      first_bread, uniq_duvessa, uniq_blork_the_orc, uniq_sigmund,
          uniq_menkaure
D:7:      gup_ossuary_entry_pyramid
D:8:      old_standard_altar, blue_anna_alchemist
D:9:      minmay_statue_hallways
D:10:     lair_0_dummy
D:11:     minmay_statues_item, jiyva_altar_1
Temple:   zaba_magenta_temple
Lair:1:   special_room, eino_small_chamber_without_monster
Lair:3:   uniq_prince_ribbit2
Lair:4:   elwin_shoals_entry_rocks, spider_nest_entry_webs, grunt_megastairs_3,
          uniq_kirke
Lair:5:   basic_altar, grunt_megastairs_1, lemuel_fruit_tree
Lair:6:   evil_forest, dpeg_slime_entry_corner
Shoals:1: nicolae_alphabet_shops, uniq_josephine
Shoals:3: nicolae_shoals_loop_pool
Shoals:4: shoals_end_grunt_ice, shoal_ilsuiw, serial_shops, shop, uniq_louise,
          uniq_polyphemus
Spider:1: uniq_nikola
Spider:3: nicolae_spider_hall_of_the_moth_king,
          portal_ice_cave_entry_ice_statue_one, uniq_donald
Spider:4: grunt_spider_rune_circles, einodemon_crawler_minivault
Orc:2:    st_orc_elflike, basic_altar
Elf:1:    eino_elf_arrival_shootout, kennysheep_underground_church,
          guppyfry_library_mini
Ossuary:  ossuary_tomb_2
IceCv:    ice_cave_caverns_01

Skill      XL: |  1  2  3  4  5  6  7  8  9 10 11 12 13 14 15 16 |
---------------+-------------------------------------------------+-----
Conjurations   | 1 |  1.0
Spellcasting   | 4 5 6 7 9 10 11 12 14 15 | 15.0
Necromancy     | 3 9 11 12 13 14 16 19 | 19.6
Stealth        | 3 5 |  5.0
Dodging        | 6 10 | 10.0
Fighting       | 6 10 | 10.0
Shields        | 4 |  4.0
Summonings     | |  0.7
Translocations | |  0.7

Action                   |  1- 3 |  4- 6 |  7- 9 | 10-12 | 13-15 | 16-18 || total
-------------------------+-------+-------+-------+-------+-------+-------++-------
Melee: Hand axe          |    16 |       |       |       |       |       ||    16
       Trident           |     1 |    65 |    18 |       |       |       ||    84
       Flail             |       |    14 |       |       |       |       ||    14
       Dagger            |       |       |   238 |   493 |    55 |       ||   786
       Halberd           |       |       |   290 |    80 |   539 |       ||   909
       Rapier            |       |       |       |       |    49 |    12 ||    61
       Staff             |       |       |       |       |     9 |    43 ||    52
 Fire: Hunting sling     |    47 |    21 |   207 |       |       |       ||   275
       Blowgun           |    14 |    24 |       |       |       |       ||    38
Throw: Stone             |       |       |     1 |       |       |       ||     1
       Throwing net      |       |       |       |       |     1 |     2 ||     3
 Cast: Magic Dart        |    10 |    21 |       |       |       |       ||    31
       Repel Missiles    |     3 |       |     1 |     3 |       |       ||     7
       Call Imp          |     2 |     2 |     5 |     1 |       |       ||    10
       Mephitic Cloud    |     2 |    15 |    47 |    49 |     8 |     5 ||   126
       Conjure Flame     |       |     2 |    28 |    18 |     2 |       ||    50
       Blink             |       |       |    11 |     6 |     4 |    10 ||    31
       Vampiric Draining |       |       |     1 |     9 |    64 |       ||    74
       Bolt of Draining  |       |       |       |   253 |   484 |    78 ||   815
       Dispel Undead     |       |       |       |    16 |     7 |     2 ||    25
       Agony             |       |       |       |     2 |    53 |     5 ||    60
       Animate Dead      |       |       |       |     2 |    23 |    20 ||    45
       Infestation       |       |       |       |       |    18 |    39 ||    57
Invok: Receive Corpses   |       |       |       |     1 |    10 |     3 ||    14
       Receive Necronomi |       |       |       |       |     1 |       ||     1
Evoke: Wand              |       |       |     2 |    13 |       |     2 ||    17
  Use: Scroll            |       |       |    10 |    10 |    12 |     4 ||    36
 Stab: Confused          |     1 |     9 |    13 |    13 |     1 |       ||    37
       Sleeping          |       |       |     3 |     3 |       |       ||     6
       Distracted        |       |       |     1 |     2 |     2 |       ||     5
       Held in net/web   |       |       |       |       |     1 |       ||     1
Armor: Robe              |     9 |     2 |   160 |   149 |   259 |    24 ||   603
Dodge: Dodged            |    29 |    23 |   308 |   441 |  1231 |   203 ||  2235
       Deflected         |     3 |     1 |     3 |     5 |     2 |     3 ||    17
Block: Buckler           |       |       |       |       |    33 |    58 ||    91
